 Dungeon Crawl Stone Soup version 0.22.0-18-ge075c0d (webtiles) character file.

48 letownia2 the Insei (level 3, 0/27 HPs)
             Began as a Demonspawn Transmuter on Aug 18, 2018.
             Succumbed to an adder's poison
             ... on level 2 of the Dungeon.
             The game lasted 00:03:42 (632 turns).

letownia2 the Insei (Demonspawn Transmuter)          Turns: 632, Time: 00:03:42

Health: 0/27       AC:  5    Str: 11    XL:     3   Next: 50%
Magic:  2/6        EV: 12    Int: 14    God:
Gold:   83         SH:  0    Dex: 13    Spells: 3/6 levels left

rFire    . . .     SeeInvis .     - Unarmed
rCold    . . .     Gourm    .   (no shield)
rNeg     . . .     Faith    .   e - +0 leather armour (curse)
rPois    .         Spirit   +   (no helmet)
rElec    .         Reflect  .   (no cloak)
rCorr    .         Harm     .   (no gloves)
MR       .....                  (no boots)
Stlth    +.........             (no amulet)
HPRegen  0.09/turn              (no ring)
MPRegen  0.10/turn              (no ring)

@: lethally poisoned (0 -> -2), very slightly contaminated
A: icy blue scales 1, magic shield
a: no special abilities


You were on level 2 of the Dungeon.
You were not hungry.

You visited 1 branch of the dungeon, and saw 3 of its levels.

You collected 83 gold pieces.

Inventory:

Hand Weapons
 f - a +0 hunting sling
Missiles
 a - 11 arrows
Armour
 b - a +0 robe
 e - a cursed +0 leather armour (worn)
 g - a +0 ring mail
Scrolls
 h - a scroll of remove curse {unknown}
 i - 2 scrolls of identify {unknown}
Potions
 c - a potion of heal wounds {unknown}
 j - a potion of curing {unknown}
Comestibles
 d - 5 rations


   Skills:
 - Level 2.1 Fighting
 + Level 0.8 Armour
 - Level 1.7 Dodging
 + Level 3.5 Unarmed Combat
 - Level 2.0 Spellcasting
 - Level 1.7 Transmutations


You had 3 spell levels left.
You knew the following spells:

 Your Spells              Type           Power        Failure   Level  Hunger
a - Beastly Appendage     Tmut           #.....       16%         1    ##.....
l - Sticks to Snakes      Tmut           #.......     22%         2    ###....

Your spell library contained the following spells:

 Spells                   Type           Power        Failure   Level  Hunger
 Spider Form              Tmut/Pois      #.........   54%         3    ####...
 Ice Form                 Ice/Tmut       #.......     91%         4    #####..
 Blade Hands              Tmut           #.........   99%         5    ######.


Dungeon Overview and Level Annotations

Branches:
Dungeon (3/15)

Altars:
Nemelex Xobeh

Annotations:
D:1 1 runed door


Innate Abilities, Weirdness & Mutations

You are partially covered in icy blue scales. (AC +2)
When hurt, damage is shared between your health and your magic reserves.


Message History

The adder is moderately wounded.
You feel sick. The adder bites you but does no damage.
Your adder misses the adder. The adder bites you.
* * * LOW HITPOINT WARNING * * *
Unknown command.
You hit the adder.
The adder is almost dead.
Your adder misses the adder. The adder closely misses you.
Unknown command.
You hit the adder.
You kill the adder!
Unknown command.
* * * LOW HITPOINT WARNING * * *
You feel sick.
Things that are here:
2 gold pieces; an adder corpse You now have 83 gold pieces (gained 2).
Your adder withers and dies!
Found a pink potion.
You die...

#>...## #######....
##..## ##..†........
##.## ##†..........#
...## #.>..........#.
....######.............#
.....#............⌠.⌠...
..^..........†....._.!#
#####.............⌠.⌠#
#...........@..$##
#..............##
#...............#
#...............#
...................
####..................
#.b.#...>...........####
#P# #......[..).....# #P
#....##....


There were no monsters in sight!

Vanquished Creatures
  An adder (D:2)
  An ooze (D:2)
  2 dart slugs (D:1)
  2 leopard geckos (D:1)
  2 giant cockroaches
  2 goblins (D:2)
  2 hobgoblins (D:1)
  4 kobolds (D:1)
  A quokka (D:2)
  5 bats
  5 frilled lizards
  2 rats
29 creatures vanquished.

Vanquished Creatures (collateral kills)
  A worm (D:2)
1 creature vanquished.

Grand Total: 30 creatures vanquished

Notes
Turn   | Place    | Note
-------+----------+-------------------------------------------
     0 | D:1      | letownia2 the Demonspawn Transmuter began the quest for the Orb.
     0 | D:1      | Reached XP level 1. HP: 15/15 MP: 3/3
    10 | D:1      | Found a runed door.
    13 | D:1      | Noticed a jelly
    13 | D:1      | Noticed a jelly
    86 | D:2      | Reached skill level 3 in Unarmed Combat
   137 | D:1      | Gained mutation: When hurt, damage is shared between your health and your magic reserves. [demonic ancestry]
   137 | D:1      | Reached XP level 2. HP: 19/21 MP: 3/5
   497 | D:2      | HP: 1/22 [quokka (2)]
   499 | D:2      | Gained mutation: You are partially covered in icy blue scales. (AC +2) [demonic ancestry]
   499 | D:2      | Reached XP level 3. HP: 1/27 MP: 0/6
   539 | D:2      | Learned a level 2 spell: Sticks to Snakes
   611 | D:2      | Found a sparkling altar of Nemelex Xobeh.
   628 | D:2      | HP: 1/27 [poisoned by an adder]
   632 | D:2      | Succumbed to an adder's poison

Skill      XL: |  1  2 |
---------------+-------+-----
Unarmed Combat | 3 |  3.5
Fighting       | 2 |  2.1
Armour         | |  0.8
Dodging        | |  1.7
Spellcasting   | |  2.0
Transmutations | |  1.7

Action                   || total
-------------------------++-------
Melee: Unarmed           ||    92
       Headbutt          ||     8
       Kick              ||     3
       Punch             ||     1
 Cast: Beastly Appendage ||    17
       Sticks to Snakes  ||     1
 Stab: Distracted        ||     1
Armor: Robe              ||     1
       Leather armour    ||    24
Dodge: Dodged            ||    58
